 Dungeon Crawl Stone Soup version 0.19.4-10-g532645f (webtiles) character file.

693 Ponchio the Conjurer (level 7, 0/36 HPs)
             Began as a Deep Elf Conjurer on Feb 24, 2017.
             Was an Initiate of Vehumet.
             Succumbed to a killer bee's poison
             ... on level 6 of the Dungeon.
             The game lasted 00:28:44 (6210 turns).

Ponchio the Conjurer (Deep Elf Conjurer)            Turns: 6210, Time: 00:28:45

Health: 0/36       AC:  4    Str:  5    XL:     7   Next: 37%
Magic:  3/17       EV: 13    Int: 25    God:    Vehumet [......]
Gold:   81         SH:  0    Dex: 15    Spells: 3 memorised, 8 levels left

rFire  . . .     SeeInvis .     o - +2 short sword (venom)
rCold  . . .     Gourm    .     a - +0 robe
rNeg   . . .     Faith    .     (no shield)
rPois  .         Spirit   .     l - +1 helmet {Int+3}
rElec  .         Reflect  .     (no cloak)
rCorr  .         Harm     .     (no gloves)
MR     .....                    (no boots)
Stlth  +.........               (no amulet)
                                (no ring)
                                m - ring of loudness (curse)

@: lethally poisoned (0 -> -11)
A: no striking features
a: Renounce Religion


You were on level 6 of the Dungeon.
You worshipped Vehumet.
Vehumet was noncommittal.
You were very hungry.

You visited 2 branches of the dungeon, and saw 7 of its levels.

You collected 242 gold pieces.
You spent 161 gold pieces at shops.

Inventory:

Hand Weapons
 e - a +0 dagger
 o - a +2 short sword of venom (weapon)
Armour
 a - a +0 robe (worn)
 k - a +1 leather armour of poison resistance
 l - a +1 helmet of intelligence (worn)
Jewellery
 m - a cursed ring of loudness (left hand)
Scrolls
 d - a scroll of teleportation
 g - a scroll of identify
 i - 2 scrolls of noise
Potions
 f - a potion of agility
 n - a potion of might
Books
 b - a book of Conjurations

   Spells                             Type                      Level
   a - Magic Dart                     Conjuration                  1
   b - Searing Ray                    Conjuration                  2
   c - Dazzling Spray                 Conjuration/Hexes            3
   d - Fulminant Prism                Conjuration/Hexes            4
   e - Iskenderun's Mystic Blast      Conjuration                  4
   f - Iskenderun's Battlesphere      Conjuration/Charms           5
Comestibles
 c - 3 bread rations
 h - 2 fruits


   Skills:
 - Level 2.4 Dodging
 - Level 2.4 Stealth
 * Level 5.6 Spellcasting
 * Level 6.2 Conjurations
 - Level 4.8 Hexes
 + Level 6.2 Charms


You had 8 spell levels left.
You knew the following spells:

 Your Spells              Type           Power        Failure   Level  Hunger
a - Magic Dart            Conj           ####         1%          1    None
b - Dazzling Spray        Conj/Hex       ####..       2%          3    #......
c - Iskenderun's Battles  Conj/Chrm      #####...     17%         5    #####..


Dungeon Overview and Level Annotations

Branches:
Dungeon (6/15)             Temple (1/1) D:4

Altars:
Ashenzari
Cheibriados
Dithmenos
Elyvilon
Fedhas
Gozag
Hepliaklqana
Kikubaaqudgha
Makhleb
Nemelex Xobeh
Okawaru
Qazlal
Ru
Sif Muna
Uskayaw
Vehumet
Xom
Zin
The Shining One

Shops:
D:4 [


Message History

You feel sick.
* * * LOW HITPOINT WARNING * * *
You feel sick.
* * * LOW HITPOINT WARNING * * *
You feel sick.
* * * LOW HITPOINT WARNING * * *
You feel sick.
* * * LOW HITPOINT WARNING * * *
You feel sick.
You are feeling very hungry.
* * * LOW HITPOINT WARNING * * *
You feel sick.
* * * LOW HITPOINT WARNING * * *
You feel sick.
You start eating one of the 3 bread rations.
Keep eating? [Y]es or [N]o only, please.
Keep eating?
You stop eating.
You die...

# # .. #.#. #.#
#...# ##..#
.....#########....
....$...).%.#..#
..............##..#
.......@.........#
............######
............#
..........†.#
.........<..#
.....######## #####


There were no monsters in sight!

Vanquished Creatures
  Eustachio (D:3)
  Edmund (D:4)
  2 killer bees (D:6)
  A howler monkey (D:4)
  A hound (D:5)
  An orc priest (D:4)
  Robin (D:2)
  7 gnolls (D:3)
  3 adders
  3 oozes (D:1)
  4 worms
  2 dart slugs
  3 leopard geckos
  7 orcs
  11 bats
  9 giant cockroaches
  8 goblins
  13 hobgoblins
  6 jackals
  A quokka (D:4)
  4 ball pythons
  7 frilled lizards
  8 kobolds
  13 rats
117 creatures vanquished.

Notes
Turn   | Place    | Note
-------+----------+-------------------------------------------
     0 | D:1      | Ponchio the Deep Elf Conjurer began the quest for the Orb.
     0 | D:1      | Reached XP level 1. HP: 10/10 MP: 6/6
   163 | D:1      | Reached XP level 2. HP: 15/15 MP: 1/8
   715 | D:1      | Reached XP level 3. HP: 19/19 MP: 7/10
   720 | D:1      | Learned a level 3 spell: Dazzling Spray
   832 | D:1      | Reached skill level 1 in Hexes
  1799 | D:2      | Noticed Robin
  2207 | D:1      | Reached XP level 4. HP: 24/24 MP: 9/12
  2233 | D:2      | Killed Robin
  3478 | D:3      | Reached XP level 5. HP: 28/28 MP: 7/13
  3482 | D:3      | Reached skill level 5 in Conjurations
  3620 | D:3      | Learned a level 5 spell: Iskenderun's Battlesphere
  3729 | D:3      | Reached skill level 1 in Charms
  3910 | D:3      | Found a glowing silver altar of Zin.
  4419 | D:4      | Noticed Eustachio
  4422 | D:4      | Found Utuyty's Armour Shop.
  4448 | D:3      | Killed Eustachio
  4448 | D:3      | Reached skill level 5 in Charms
  4448 | D:3      | Reached XP level 6. HP: 7/32 MP: 2/14
  4757 | D:4      | Bought a +0 helmet of intelligence for 161 gold pieces
  4798 | D:4      | Noticed Edmund
  4881 | D:4      | Killed Edmund
  5193 | D:4      | Found a staircase to the Ecumenical Temple.
  5211 | Temple   | Entered the Ecumenical Temple
  5217 | Temple   | Became a worshipper of Vehumet
  5719 | D:4      | Reached skill level 5 in Spellcasting
  5719 | D:4      | Reached XP level 7. HP: 16/36 MP: 0/16
  6047 | D:5      | Entered Level 5 of the Dungeon
  6209 | D:6      | HP: 1/36 [poisoned by a killer bee]
  6210 | D:6      | Succumbed to a killer bee's poison

Skill      XL: |  1  2  3  4  5  6  7 |
---------------+----------------------+-----
Spellcasting   | 4 5 |  5.6
Hexes          | 3 4 |  4.8
Conjurations   | 5 6 |  6.2
Charms         | 5 6 |  6.2
Dodging        | |  2.4
Stealth        | |  2.4

Action                   |  1- 3 |  4- 6 |  7- 9 || total
-------------------------+-------+-------+-------++-------
Melee: Dagger            |     9 |    24 |       ||    33
 Cast: Magic Dart        |   115 |   115 |     9 ||   239
       Dazzling Spray    |     4 |    35 |     9 ||    48
       Iskenderun's Batt |       |     1 |       ||     1
  Use: Scroll            |       |    10 |     2 ||    12
       Potion            |       |       |     1 ||     1
 Stab: Invisible         |       |     3 |       ||     3
  Eat: Chunk             |     4 |    13 |     1 ||    18
Armor: Robe              |     4 |    19 |     2 ||    25
Dodge: Dodged            |    24 |    61 |    14 ||    99
